 Dungeon Crawl Stone Soup version 0.32-a0-818-gb728d0252e (webtiles) character file.

Game seed: 1129295776160453657

382540 mdonais the Warrior (level 22, -3/210 (222) HPs)
             Began as an Oni Enchanter on Mar 24, 2024.
             Was the Champion of Hepliaklqana.
             Slain by an emperor scorpion (13 damage)
             ... summoned by a royal mummy
             ... led by Khufu
             ... on level 3 of the Crypt on Mar 25, 2024.
             The game lasted 05:00:53 (66343 turns).

mdonais the Warrior (Oni Enchanter)                Turns: 66343, Time: 05:00:53

HP:   -3/210 (222)  AC: 12    Str: 18    XL:     22   Next: 92%
MP:   44/44         EV:  6    Int: 41    God:    Hepliaklqana [******]
Gold: 2925          SH: 12    Dex:  9    Spells: 20/57 levels left

rFire   + + .        a - +3 spear of the Scroll {protect, rF+ Int+5}
rCold   + + +        J - +0 kite shield
rNeg    + . .        n - +0 ice dragon scales
rPois   +            t - -2 hat of the Alchemist {rElec rPois rF+ rC+ rN+ Will+ rMut rCorr}
rElec   +            i - scarf of Kutiga Gougo {rC+ rF+, Int+6}
rCorr   +            (gloves unavailable)
SInv    .            (boots unavailable)
Will    +++..        X - amulet of magic regeneration Stlth
                     g - +6 ring of intelligence
HPRegen 0.55/turn    G - ring of wizardry
MPRegen 0.69/turn

%: resist mutation, wizardry (x1)
@: hasted and slowed, studying Polearms, drained
A: reduced essence, large, unfitting armour, horns 1, tough skin 1, double
potion healing, drunken brawling
}: 2/15 runes: barnacled, gossamer
a: Renounce Religion, Recall Ancestor, Ancestor Identity, Transference, Idealise


You were on level 3 of the Crypt.
You worshipped Hepliaklqana.
Hepliaklqana was exalted by your worship.
You visited 8 branches of the dungeon, and saw 38 of its levels.
You also visited: Ice Cave and Desolation.

You collected 6112 gold pieces.
You spent 3187 gold pieces at shops.

Inventory:

Hand Weapons
 a - the +3 spear of the Scroll (weapon) {protect, rF+ Int+5}
   (You found it on level 15 of the Dungeon)

   Int+5:     It affects your intelligence (+5).
   rF+:       It protects you from fire.
Missiles
 F - 9 curare-tipped darts (quivered)
 Z - 5 throwing nets {=!f}
Armour
 i - the scarf of Kutiga Gougo (worn) {rC+ rF+, Int+6}
   (You acquired it on level 2 of the Crypt)

   Int+6:     It affects your intelligence (+6).
 n - +0 ice dragon scales (worn)
   (You found it in an ice cave)
 t - the -2 hat of the Alchemist (worn) {rElec rPois rF+ rC+ rN+ Will+ rMut rCorr}
   (You bought it in a shop on level 2 of the Orcish Mines)

   rF+:       It protects you from fire.
   rC+:       It protects you from cold.
   rElec:     It insulates you from electricity.
   rPois:     It protects you from poison.
   rN+:       It protects you from negative energy.
   Will+:     It increases your willpower.
   rCorr:     It protects you from acid and corrosion.
   rMut:      It protects you from mutation.
 J - a +0 kite shield (worn)
   (You took it off Donald on level 2 of the Lair of Beasts)
 W - a +2 cloak of cold resistance
   (You found it in an ice cave)
Magical Staves
 b - the staff "Qobaarr" {rElec rF+ rC+ Conj Necro Air}
   (You found it on level 1 of the Spider Nest)

   [staff of air]

   Base accuracy: +5 Base damage: 5 Base attack delay: 1.2 This weapon's minimum
   attack delay (0.6) is reached at skill level 12.
   rF+:       It protects you from fire.
   rC+:       It protects you from cold.
   rElec:     It insulates you from electricity.
   Conj:      It increases the power of your Conjurations spells.
   Necro:     It increases the power of your Necromancy spells.
   Air:       It increases the power of your Air spells.
   It falls into the 'Staves' category.
   It is a one-handed weapon.
 C - a staff of death
   (You found it on level 1 of the Crypt)
Jewellery
 d - the ring "Cugiemoch" {rF++ rN+ Will+}
   (You found it in the Desolation of Salt)

   [ring of positive energy]

   rF++:      It greatly protects you from fire.
   rN+:       It protects you from negative energy.
   Will+:     It increases your willpower.
 g - a +6 ring of intelligence (left hand)
   (You found it on level 1 of the Dungeon)
 k - a ring of ice
   (You found it on level 4 of the Dungeon)
 x - the ring of the Lion {MP+9 Str+4 Int-2 Dex+2 SInv}
   (You took it off an imperial myrmidon in the Desolation of Salt)

   [ring of magical power]

   Str+4:     It affects your strength (+4).
   Int-2:     It affects your intelligence (-2).
   Dex+2:     It affects your dexterity (+2).
   MP+9:      It affects your magic capacity (+9).
   SInv:      It lets you see invisible.
 G - a ring of wizardry (right hand)
   (You found it on level 6 of the Dungeon)
 X - an amulet of magic regeneration (around neck)
   (You found it on level 15 of the Dungeon)
Wands
 A - a wand of acid (10)
   (You found it on level 3 of the Lair of Beasts)
 D - a wand of digging (9)
   (You found it on level 10 of the Dungeon)
 I - a wand of iceblast (44)
   (You found it on level 8 of the Dungeon)
Scrolls
 c - 5 scrolls of enchant armour
 e - a scroll of silence
 j - 3 scrolls of butterflies
 l - 6 scrolls of poison
 v - 3 scrolls of amnesia
 w - 7 scrolls of revelation
 B - 4 scrolls of blinking
 E - 2 scrolls of vulnerability
 K - 3 scrolls of fear
 L - 3 scrolls of fog
 M - 5 scrolls of immolation
 T - 12 scrolls of teleportation
Potions
 f - 3 potions of berserk rage
 h - 5 potions of cancellation
 m - 7 potions of brilliance
 o - 2 potions of mutation
 p - 15 potions of heal wounds
 q - 6 potions of might
 r - 2 potions of invisibility
 u - a potion of resistance
 y - 3 potions of lignification
 z - 7 potions of attraction
 H - 4 potions of haste
 P - 4 potions of magic
 Q - 21 potions of curing
 R - 6 potions of ambrosia
 S - 12 potions of enlightenment
Miscellaneous
 s - a phantom mirror
   (You found it on level 4 of the Vaults)
 N - a sack of spiders
   (You found it on level 15 of the Dungeon)
 O - a lightning rod (4/4)
   (You found it in the Desolation of Salt)
 U - a phial of floods
   (You found it on level 15 of the Dungeon)
 Y - a tin of tremorstones (2/2)
   (You found it in the Desolation of Salt)


   Skills:
 - Level 20.0 Fighting
 - Level 2.0(2.6) Short Blades
 - Level 2.6(3.0) Long Blades
 - Level 11.0 Armour
 - Level 3.0 Dodging
 - Level 2.1 Stealth
 - Level 15.0 Shields
 - Level 18.0 Spellcasting
 + Level 14.7 Conjurations
 - Level 5.0 Hexes
 - Level 1.0 Translocations
 - Level 14.0 Ice Magic
 + Level 15.0 Air Magic
 - Level 5.0 Invocations
 - Level 5.0 Evocations


You had 20 spell levels left.
You knew the following spells:

 Your Spells              Type           Power      Damage    Failure   Level
a - Metabolic Englaciati  Hex/Ice        43%        N/A       1%          5
b - Arcjolt               Conj/Air       51%        1d61      1%          5
c - Freezing Cloud        Conj/Ice/Air   51%        6-21      1%          5
d - Airstrike             Air            51%        2d(8-24)  1%          4
e - Ozocubu's Refrigerat  Ice            50%        4d18      4%          7
f - Swiftness             Air            100%       N/A       0%          3
g - Tukima's Dance        Hex            67%        N/A       1%          3
h - Ensorcelled Hibernat  Hex/Ice        100%       N/A       1%          2
i - Shock                 Conj/Air       100%       1d9       0%          1
j - Blink                 Tloc           90%        N/A       1%          2

Your spell library contained the following spells:

 Spells                   Type           Power      Damage    Failure   Level
 Freeze                   Ice            100%       1d10      0%          1
 Magic Dart               Conj           100%       1d8       0%          1
 Searing Ray              Conj           100%       2d8       0%          2
 Static Discharge         Conj/Air       100%       3-8/arc   0%          2
 Apportation              Tloc           90%        N/A       1%          1
 Foxfire                  Conj/Fire      100%       2x1d9     1%          1
 Kiss of Death            Conj/Necr      100%       2d13      1%          1
 Necrotise                Necr           100%       1d9       1%          1
 Sting                    Conj/Alch      100%       1d9       1%          1
 Summon Small Mammal      Summ           100%       N/A       1%          1
 Cigotuvi's Dreadful Rot  Necr/Alch/Air  100%       N/A       1%          2
 Lesser Beckoning         Tloc           90%        N/A       1%          2
 Momentum Strike          Conj/Tloc      100%       3d10      1%          2
 Confusing Touch          Hex            67%        N/A       1%          3
 Dazzling Flash           Conj/Hex       100%       N/A       1%          3
 Frozen Ramparts          Ice            100%       1d16      1%          3
 Hailstorm                Conj/Ice       100%       3d16      1%          3
 Inner Flame              Hex/Fire       55%        N/A       1%          3
 Mephitic Cloud           Conj/Alch/Air  87%        N/A       1%          3
 Ozocubu's Armour         Ice            100%       N/A       1%          3
 Sigil of Binding         Hex            67%        N/A       1%          3
 Summon Ice Beast         Ice/Summ       76%        N/A       1%          3
 Fulminant Prism          Conj/Alch      38%        3d18      1%          4
 Summon Lightning Spire   Summ/Air       78%        N/A       1%          4
 Vhi's Electric Charge    Tloc/Air       100%       N/A       1%          4
 Fireball                 Conj/Fire      38%        3d16      1%          5
 Irradiate                Conj/Alch      38%        3d24      1%          5
 Iskenderun's Battlesphe  Conj           100%       2d15      1%          5
 Silence                  Hex/Air        43%        N/A       1%          5
 Call Imp                 Summ           72%        N/A       2%          2
 Sublimation of Blood     Necr           36%        N/A       2%          2
 Gell's Gravitas          Tloc           45%        N/A       2%          3
 Teleport Other           Tloc           45%        N/A       2%          3
 Fugue of the Fallen      Necr           36%        N/A       4%          3
 Dimensional Bullseye     Hex/Tloc       28%        N/A       4%          4
 Anguish                  Hex/Necr       27%        N/A       5%          4
 Manifold Assault         Tloc           45%        N/A       10%         4
 Passage of Golubria      Tloc           45%        N/A       10%         4
 Bombard                  Conj/Erth      38%        9d7       11%         6
 Plasma Beam              Fire/Air       39%        2x1d52    11%         6
 Permafrost Eruption      Ice/Erth       38%        2x4d11    12%         6
 Sculpt Simulacrum        Ice/Alch       38%        N/A       12%         6
 Animate Armour           Summ/Erth      72%        N/A       14%         4
 Ignite Poison            Fire/Alch      36%        N/A       14%         4
 Summon Blazeheart Golem  Fire/Summ      36%        N/A       14%         4
 Summon Mana Viper        Hex/Summ       55%        N/A       14%         5
 Yara's Violent Unravell  Hex/Alch       27%        3d12      14%         5
 Summon Forest            Summ/Tloc      20%        N/A       32%         5
 Alistair's Intoxication  Alch           24%        N/A       36%         5
 Curse of Agony           Necr           36%        N/A       36%         5
 Lee's Rapid Deconstruct  Erth           18%        3d11*     36%         5
 Spellforged Servitor     Conj/Summ      38%        N/A       50%         7
 Death Channel            Necr           18%        N/A       89%         6
 Summon Cactus Giant      Summ           18%        N/A       89%         6
 Chain Lightning          Conj/Air       51%        3d68      96%         9
 Monstrous Menagerie      Summ           18%        N/A       100%        7
 Summon Hydra             Summ           18%        N/A       100%        7
 Ignition                 Fire           18%        3d7       100%        8
 Fire Storm               Conj/Fire      38%        8d10      100%        9
 Shatter                  Erth           18%        3d17*     100%        9


Dungeon Overview and Level Annotations

Branches:
Dungeon (15/15) Zot: 20540  Temple (1/1) D:4 Zot: 5987    Lair (5/5) D:11 Zot: 20262
 Shoals (4/4) Lair:2 Zot: 16360  Spider (4/4) Lair:2 Zot: 17450   Slime (0/5) Lair:4
    Orc (2/2) D:12 Zot: 9482     Elf (0/3) Orc:2        Vaults (4/5) D:14 Zot: 15598
  Crypt (3/3) Vaults:3 Zot: 12757    Tomb (0/3) Crypt:3      Depths (0/4) D:15
  IceCv (visited)         Desolation (visited)

Altars:
Ashenzari
Cheibriados
Dithmenos
Elyvilon
Fedhas
Gozag
Hepliaklqana
Kikubaaqudgha
Makhleb
Nemelex Xobeh
Okawaru
Qazlal
Ru
Sif Muna
Trog
Uskayaw
Vehumet
Wu Jian
Xom
Yredelemnul
Zin
The Shining One

Shops:
D:6 :[   Orc:1 ?   Orc:2 *([:   Shoals:1 !   Shoals:3 (   Vaults:2 (
Vaults:3 (

Portals:
Hell: Lair:5

Annotations:
Shoals:1 3 runed translucent doors, exclusion: obsidian statue, Hicvu's ghost, adept DsGl
Shoals:4 Bai Suzhen
Spider:4 2 transporters, exclusion: oklob plant, xfalz's ghost, adept DsMo
Crypt:3 Khufu


Innate Abilities, Weirdness & Mutations

Your life essence is reduced to manifest your ancestor. (-10% HP)
You are too large for most types of armour.
You have a pair of small horns on your head.
You have tough skin. (AC +1)
You gain doubled healing and magic from potions.
Whenever you drink a healing potion, you attack all around you.


Message History

Kevin Bacon burns the freezing wraith.
You now have 19/44 mp.
Casting: Arcjolt (safe; 1% risk of failure)
Confirm with . or Enter, or press ? or * to list all spells.
Electricity surges outward!
The curse skull resists.
The curse skull is struck by an electric surge.
The curse skull is almost destroyed.
The wight is struck by an electric surge!!!
You destroy the wight!
The wight disappears in a puff of smoke!
The laughing skull is struck by an electric surge!!!
You destroy the laughing skull!
The laughing skull disappears in a puff of smoke!
The freezing wraith is struck by an electric surge!
The freezing wraith is moderately damaged.
The flayed ghost is struck by an electric surge!!
The flayed ghost is heavily damaged.
The freezing wraith is struck by an electric surge!
The freezing wraith is moderately damaged.
Kevin Bacon hits the curse skull but does no damage.
Kevin Bacon hits the freezing wraith but does no damage.
Kevin Bacon blocks the freezing wraith's attack.
The freezing wraith hits Kevin Bacon but does no damage.
The curse skull rattles its jaw.
You now have 15/44 mp.
Casting: Arcjolt (safe; 1% risk of failure)
Confirm with . or Enter, or press ? or * to list all spells.
Electricity surges outward!
The curse skull resists.
The curse skull is struck by an electric surge!
You destroy the curse skull!
The wight disappears in a puff of smoke!
The caustic shrike zombie disappears in a puff of smoke!
The flayed ghost disappears in a puff of smoke!
The freezing wraith disappears in a puff of smoke!
The wight disappears in a puff of smoke!
The freezing wraith disappears in a puff of smoke!
You now have 11/44 mp.
You feel yourself speed up.
You start resting.
HP restored.
Health restored: 210 You regained 11 mp, and now have 32/44 mp.
You start resting.
Magic restored.
MP restored: 44
There is a stone staircase leading up, spattered with blood here.
You see here a +1 flail of protection.
Found a barding.
Found a stone staircase leading up.
Z - 5 throwing nets {=!f} (gained 1)
Found a scroll of identify.
A royal mummy and a mummy come into view.
The royal mummy mumbles some strange words.
You hear a shout!
Found a potion of curing.
The royal mummy mumbles some strange words.
The death scarab's many legs skitter faintly. x2
Kevin Bacon gestures wildly while chanting.
Kevin Bacon seems to speed up.
The death scarab barely misses you. The death scarab bites you.
The death scarab drains your vigour!
You feel yourself slow down.
The death scarab draws strength from your injuries!
Khufu the Undying Pharaoh comes into view.
The royal mummy mumbles some strange words.
You take 3 damage, and have 207/210 hp.
The death scarab bites you but does no damage.
The death scarab barely misses you.
Kevin Bacon closely misses the death scarab.
Kevin Bacon hits the death scarab with a +0 broad axe of flaming.
Kevin Bacon burns the death scarab.
The death scarab bites Kevin Bacon!
The death scarab drains Kevin Bacon's vigour!
Kevin Bacon seems to slow down.
The death scarab closely misses you.
Khufu calls on the powers of darkness!
The emperor scorpion convulses!
Your body is wracked with pain!
You take 91 damage, and have 116/210 hp.
MASSIVE DAMAGE!!
The death scarab bites you but does no damage.
You block the death scarab's attack. The death scarab bites you!
The death scarab drains your vigour!
You feel as though you will be slow longer.
The death scarab draws strength from your injuries!
You block the emperor scorpion's attack. x2
The emperor scorpion claws you but does no damage.
The death scarab bites you!
The death scarab draws strength from your injuries!
The death scarab barely misses you. The death scarab completely misses you.
The royal mummy points at you and mumbles some strange words.
Something smites you!
The emperor scorpion stings you but does no damage.
The emperor scorpion barely misses you.
The emperor scorpion claws you but does no damage.
A royal mummy comes into view.
The royal mummy casts a spell.
Khufu mumbles some strange words.
You take 35 damage, and have 81/210 hp.
The death scarab bites you. The death scarab drains your vigour!
You feel as though you will be slow longer.
The death scarab bites you! The death scarab drains your vigour!
You feel as though you will be slow longer.
The death scarab draws strength from your injuries!
You block the death scarab's attack. x3
Kevin Bacon hits the emperor scorpion with a +0 broad axe of flaming!!
Kevin Bacon burns the emperor scorpion.
Kevin Bacon hits the death scarab with a +0 broad axe of flaming.
Kevin Bacon burns the death scarab.
Kevin Bacon hits the mummy with a +0 broad axe of flaming!
Kevin Bacon burns the mummy!
The mummy is destroyed!
Kevin Bacon hits the death scarab with a +0 broad axe of flaming.
Kevin Bacon burns the death scarab.
The death scarab bites you.
* * * LOW HITPOINT WARNING * * *
The death scarab draws strength from your injuries!
The royal mummy gestures wildly while chanting.
The emperor scorpion stings you!
* * * LOW HITPOINT WARNING * * *
The emperor scorpion claws you.
* * * LOW HITPOINT WARNING * * *
The emperor scorpion claws you but does no damage.
There is a stone staircase leading up, spattered with blood here.
You take 40 damage, and have 41/210 hp.
You feel yourself speed up.
Kevin Bacon is no longer moving slowly.
The death scarab bites you but does no damage.
You block the death scarab's attack.
The death scarab bites you but does no damage.
The death scarab waves its antennae.
The death scarab bites you!
* * * LOW HITPOINT WARNING * * *
The death scarab drains your vigour!
You feel as though you will be slow longer.
The death scarab draws strength from your injuries!
The death scarab bites you but does no damage.
The emperor scorpion stings you!!
* * * LOW HITPOINT WARNING * * *
The emperor scorpion barely misses you.
You block the emperor scorpion's attack.
The death scarab closely misses Kevin Bacon.
The death scarab barely misses you.
The death scarab waves its antennae.
Kevin Bacon hits the emperor scorpion with a +0 broad axe of flaming!
Kevin Bacon burns the emperor scorpion.
Kevin Bacon closely misses the death scarab.
Kevin Bacon hits the death scarab with a +0 broad axe of flaming.
Kevin Bacon burns the death scarab.
Kevin Bacon hits the death scarab but does no damage.
Kevin Bacon hits the death scarab with a +0 broad axe of flaming!
Kevin Bacon burns the death scarab.
The emperor scorpion stings you!
You die...
Hepliaklqana delivers you to your ancestors.

#.......# ##.# ##
#.......# #..
...#.......# ###
#.####.###### #
.............#########
####..................
#.B[...^..#########
#..B......#
#B@sR.....#
#.BBBB....#
#....s.s....#
#.#.........#
...#..M......# ###
#.sM...M..#
..!....###... ####.#.#
....


You could see the friendly Kevin Bacon the knight (fast, reflecting), Khufu, 2
royal mummies, 4 emperor scorpions and 7 death scarabs.

Vanquished Creatures
  Mara (Shoals:3)
  Norris (Vaults:2)
  A kraken (Shoals:2)
  A sphinx (Vaults:1)
  An acid blob (Lair:4)
  2 ancient champions (Crypt:2)
  The ghost of laburnum the Bludgeoner, an adept HuWn of Okawaru (Spider:1)
  Agnes (Spider:1)
  Donald (Lair:2)
  2 frost giants
  Aizul (Shoals:3)
  5 emperor scorpions
  12 vault wardens
  A caustic shrike zombie (Crypt:1)
  4 imperial myrmidons (Desolation)
  The ghost of Biggs the Fighter, a journeyman CoHu of Hepliaklqana (Lair:3)
  3 curse skulls
  2 orc warlords
  2 ghost moths (Spider:4)
  3 ghouls
  2 formless jellyfish
  A stone giant (Vaults:4)
  A reaper (IceCv)
  9 ironbound preservers
  6 vampire knights
  4 ironbound thunderhulks
  A halazid warlock (Desolation)
  3 deep elf death magi
  3 dire elephants
  2 war gargoyles (Vaults:4)
  2 spark wasps
  An eidolon (Crypt:1)
  10 jiangshi
  5 merfolk javelineers
  2 crystal guardians (Vaults:4)
  An ettin (Orc:2)
  9 ragged hierophants (Desolation)
  11 yaktaur captains
  7 merfolk impalers
  An entropy weaver (Spider:4)
  4 great orbs of eyes
  7 ironbound frosthearts
  3 hydras
  An ogre mage (D:15)
  8 servants of whispers (Desolation)
  5 vault guards (Vaults:2)
  9 centaur warriors
  Erica (D:11)
  4 radroaches
  3 alligator snapping turtles
  3 two-headed ogres
  A catoblepas (Lair:4)
  8 boulder beetles
  8 merfolk avatars
  6 peacekeepers
  A spriggan skeleton (Crypt:1)
  2 satyrs
  3 merfolk aquamancers
  2 death knights (Crypt:2)
  6 death yaks
  3 tengu warriors
  7 demonic crawlers
  A titan zombie (Crypt:1)
  6 vampire magi
  A deep troll earth mage (D:15)
  An occultist (Lair:5)
  2 orc high priests (Orc:2)
  A sun demon (Lair:5)
  Sonja (D:10)
  A shadow wraith (Vaults:1)
  7 skysharks
  6 pharaoh ants
  A soul eater (D:15)
  8 skeletal warriors
  A death drake (shapeshifter) (D:15)
  16 sea snakes
  5 flayed ghosts
  A sun moth (Spider:3)
  7 glowing orange brains (Vaults:3)
  2 bog bodies (Crypt:1)
  An obsidian statue (D:15)
  14 deep trolls
  A deep elf archer (D:15)
  13 ironbound convokers
  5 phantasmal warriors
  9 arcanists
  A deep elf pyromancer (D:12)
  18 lindwurms
  6 orb spiders
  9 steelbarb worms
  An obsidian bat (Orc:2)
  3 necromancers
  8 orc knights
  17 wolf spiders
  5 harpies
  2 orc sorcerers (Orc:2)
  A cyclops (shapeshifter) (D:15)
  9 manticores
  30 fauns
  14 ugly things
  16 elephants
  A stone giant zombie (Vaults:1)
  An iron dragon skeleton (Crypt:2)
  A moth of wrath (shapeshifter) (Vaults:3)
  8 meliai
  10 cyclopes
  2 kobold blastminers
  2 moths of wrath (Lair:3)
  A molten gargoyle (Desolation)
  A black mamba (shapeshifter) (D:15)
  4 guardian serpents (Desolation)
  7 merfolk sirens
  3 water nymphs
  4 black mambas
  A gargoyle (D:9)
  Maggie (Lair:2)
  2 torpor snails
  A torpor snail (shapeshifter) (D:15)
  12 vault sentinels
  An orange demon (Lair:5)
  7 cane toads
  A shock serpent skeleton (Crypt:2)
  An ice statue (IceCv)
  5 rime drakes
  2 efreet
  A kobold demonologist (D:12)
  3 freezing wraiths
  2 anaconda simulacra (IceCv)
  8 komodo dragons
  7 ice devils
  A tengu conjurer (D:9)
  9 yaktaurs
  4 trolls
  A red devil (Lair:5)
  19 merfolk
  A polar bear (Lair:5)
  2 hornets
  A tarantella (shapeshifter) (D:15)
  A hellwing (Lair:5)
  17 tarantellas
  10 blink frogs
  A harpy skeleton (Crypt:2)
  A wind drake (Shoals:4)
  An ettin zombie (Crypt:2)
  A raiju (shapeshifter) (D:15)
  12 dream sheep
  43 saltlings
  3 snapping turtles
  27 jumping spiders
  Sigmund (D:5)
  30 yaks
  5 wyverns
  3 vampires (Crypt:2)
  18 slime creatures
  4 water elementals
  A human (shapeshifter) (D:15)
  15 culicivoras
  A wind drake zombie (Crypt:2)
  8 wraiths
  3 death yak simulacra (IceCv)
  3 basilisks
  A redback simulacrum (D:15)
  4 wargs (Orc:2)
  A golden eye (shapeshifter) (D:15)
  2 steam dragons
  41 redbacks
  2 vampire mosquitoes (D:14)
  A redback (shapeshifter) (Vaults:3)
  2 swamp worms (shapeshifter) (D:15)
  An acid dragon (D:9)
  3 hell hounds (Lair:5)
  9 water moccasins
  Duvessa (D:7)
  24 orc warriors
  3 sky beasts
  2 black bears
  43 laughing skulls
  A hornet zombie (Crypt:2)
  3 ice beasts
  5 ogres
  7 wolves
  A dream sheep skeleton (Crypt:3)
  11 centaurs
  3 kobold brigands
  2 human zombies (Vaults:1)
  A phantom (D:3)
  9 bullfrogs
  A two-headed ogre simulacrum (IceCv)
  2 gnoll sergeants
  3 scorpions
  A cane toad simulacrum (IceCv)
  Dowan (D:7)
  An elephant simulacrum (IceCv)
  8 killer bees
  A shapeshifter skeleton (Crypt:1)
  2 howler monkeys
  A howler monkey (shapeshifter) (D:15)
  3 electric eels
  A bombardier beetle (D:3)
  12 orc priests
  3 hounds
  A jelly (D:8)
  2 sleepcaps
  Ijyb (D:5)
  4 iguanas
  Jessica (D:2)
  16 orc wizards
  A polar bear simulacrum (IceCv)
  Terence (D:2)
  2 troll simulacra (IceCv)
  A spriggan simulacrum (IceCv)
  An acid dragon zombie (Crypt:1)
  15 gnolls
  5 adders
  A steam dragon zombie (Crypt:1)
  2 naga simulacra (IceCv)
  A shadow imp (D:7)
  2 white imps
  5 ufetubi
  A jelly zombie (Crypt:1)
  A ribbon worm (D:3)
  38 orcs
  11 ball pythons
  8 endoplasms
  6 giant cockroaches
  4 goblins
  7 hobgoblins
  A hobgoblin (shapeshifter) (D:13)
  8 jackals
  A quokka (D:3)
  6 bats
  A bombardier beetle zombie (Crypt:1)
  5 frilled lizards
  10 kobolds
  3 rats
  A rat skeleton (Crypt:2)
  A rat zombie (Crypt:2)
  A butterfly (Lair:2)
  2 tentacles (Shoals:2)
1221 creatures vanquished.

Vanquished Creatures (collateral kills)
  Jorgrun (Spider:1)
  A lich (Crypt:3)
  2 acid blobs (Lair:4)
  An ancient champion (Crypt:1)
  A revenant (Crypt:1)
  2 ghost moths (Spider:4)
  2 vault wardens
  A reaper (D:15)
  3 emperor scorpions (Spider:4)
  2 ghouls
  A broodmother (Spider:4)
  A very ugly thing (Vaults:1)
  3 ironbound preservers
  A curse skull (Crypt:2)
  2 ironbound thunderhulks
  3 vampire knights
  4 dire elephants
  A merfolk javelineer (Shoals:4)
  2 ragged hierophants
  A crystal guardian (Desolation)
  5 jiangshi
  4 yaktaur captains
  2 great orbs of eyes (Vaults:3)
  A spriggan zombie (Crypt:2)
  7 peacekeepers (Desolation)
  4 vault guards
  3 catoblepae (Lair:2)
  A jorogumo (Spider:3)
  An ironbound frostheart (Vaults:3)
  3 radroaches
  6 hydras
  2 two-headed ogres
  3 boulder beetles
  2 centaur warriors
  2 merfolk aquamancers (Shoals:2)
  A death knight (Crypt:1)
  A satyr (Shoals:3)
  2 alligator snapping turtles (Shoals:4)
  A vampire mage (Crypt:1)
  A demonic crawler (Spider:2)
  2 death yaks (Lair:5)
  3 pharaoh ants
  2 skysharks
  7 sea snakes
  4 skeletal warriors
  11 deep trolls
  A glowing orange brain (Vaults:1)
  An arcanist (Vaults:3)
  2 orb spiders
  A bog body (Crypt:1)
  6 lindwurms
  A deep elf archer (D:15)
  3 steelbarb worms
  4 ironbound convokers
  3 harpies
  A lindwurm (shapeshifter) (D:15)
  An obsidian bat (Orc:1)
  2 phantasmal warriors (Crypt:1)
  5 wolf spiders
  An alligator zombie (Crypt:2)
  9 ugly things
  2 cyclopes
  4 manticores
  5 fauns
  4 orc knights
  A moth of wrath (Spider:2)
  2 elephants
  2 meliai
  3 merfolk sirens
  2 vault sentinels
  A guardian serpent (Desolation)
  An ice statue (IceCv)
  7 cane toads
  A gargoyle (D:12)
  3 rime drakes
  An unseen horror (D:11)
  A freezing wraith (Crypt:1)
  3 komodo dragons (Lair:5)
  3 yaktaurs
  A purple draconian skeleton (Crypt:1)
  3 ice devils
  A red draconian skeleton (Crypt:1)
  A troll (D:10)
  3 tarantellas
  5 merfolk
  23 saltlings
  A stone giant simulacrum (Vaults:1)
  5 blink frogs
  5 slime creatures
  4 jumping spiders
  6 dream sheep
  A snapping turtle (Shoals:4)
  A shadow (D:13)
  9 yaks
  A water elemental (Shoals:3)
  A wyvern (Lair:2)
  8 culicivoras
  2 ynoxinuls (D:10)
  A wraith (Crypt:2)
  4 wargs
  4 basilisks
  A vampire mosquito (D:14)
  A steam dragon (D:8)
  10 redbacks
  A hell hound (Lair:5)
  3 water moccasins
  A naga skeleton (Crypt:1)
  5 orc warriors
  5 laughing skulls
  An ice beast (D:7)
  2 ogres
  2 wolves
  An ettin simulacrum (Crypt:2)
  4 centaurs
  A salamander skeleton (Crypt:3)
  A bullfrog (D:7)
  2 two-headed ogre simulacra (IceCv)
  2 killer bees
  2 yak skeletons (Crypt:2)
  A wolf zombie (Crypt:1)
  A howler monkey (D:13)
  3 orc priests (Orc:1)
  A gnoll bouda (D:8)
  6 orc wizards
  A hell rat (Lair:5)
  A spriggan simulacrum (IceCv)
  A mummy (Crypt:3)
  4 gnolls
  A steam dragon zombie (Crypt:3)
  An adder (shapeshifter) (D:13)
  4 ufetubi (D:10)
  8 orcs
  4 kobolds
  A butterfly (Lair:1)
  A tentacle (Shoals:2)
377 creatures vanquished.

Vanquished Creatures (others)
  An angel (D:3)
  A dancing weapon (D:15)
  A shadow (D:11)
  24 knights
  2 ancestors (D:7)
  An orc (D:15)
  5 tentacles (Shoals:2)
35 creatures vanquished.

Grand Total: 1633 creatures vanquished

Notes
Turn   | Place    | Note
-------+----------+-------------------------------------------
     0 | D:1      | mdonais the Oni Enchanter began the quest for the Orb.
     0 | D:1      | Reached XP level 1. HP: 16/16 MP: 3/3
    45 | D:1      | Reached skill level 1 in Fighting
   206 | D:1      | Reached skill level 2 in Fighting
   216 | D:1      | Reached XP level 2. HP: 28/28 MP: 5/5
   248 | D:1      | Learned a level 2 spell: Ensorcelled Hibernation
   554 | D:1      | Learned a level 1 spell: Shock
   991 | D:1      | Reached skill level 1 in Ice Magic
  1247 | D:2      | Reached skill level 3 in Fighting
  1247 | D:2      | Reached XP level 3. HP: 30/37 MP: 0/6
  1251 | D:2      | Learned a level 3 spell: Tukima's Dance
  1321 | D:2      | Noticed Jessica
  1391 | D:2      | Noticed Terence
  1449 | D:2      | Reached XP level 4. HP: 45/45 MP: 2/7
  1480 | D:2      | Reached skill level 1 in Conjurations
  1481 | D:2      | Reached skill level 1 in Air Magic
  1581 | D:2      | Killed Jessica
  1582 | D:2      | Reached skill level 4 in Fighting
  1845 | D:2      | Killed Terence
  1846 | D:2      | Reached skill level 5 in Fighting
  1846 | D:2      | Reached XP level 5. HP: 25/57 MP: 4/8
  2100 | D:2      | Found a faded altar of an unknown god.
  2292 | D:3      | Reached skill level 1 in Short Blades
  2293 | D:3      | Noticed an angel
  2296 | D:3      | Found a shimmering altar of Xom.
  2359 | D:3      | Found a glowing silver altar of Zin.
  3034 | D:3      | Reached XP level 6. HP: 58/66 MP: 3/9
  3306 | D:3      | Killed an angel
  3865 | D:3      | Reached skill level 6 in Fighting
  4104 | D:4      | Reached XP level 7. HP: 75/75 MP: 5/11
  4219 | D:4      | Found a staircase to the Ecumenical Temple.
  4229 | Temple   | Entered the Ecumenical Temple
  4235 | Temple   | Became a worshipper of Hepliaklqana the Forgotten
  4473 | D:4      | Found a shadowy altar of Dithmenos.
  4823 | D:5      | Entered Level 5 of the Dungeon
  4823 | D:5      | Found a stormy altar of Qazlal.
  4823 | D:5      | Found a bloodstained altar of Trog.
  4924 | D:5      | Learned a level 4 spell: Airstrike
  4927 | D:5      | Learned a level 2 spell: Blink
  5068 | D:5      | Noticed Sigmund
  5089 | D:5      | Killed Sigmund
  5090 | D:5      | Reached skill level 7 in Fighting
  5090 | D:5      | Reached skill level 1 in Translocations
  5191 | D:5      | Reached XP level 8. HP: 87/87 MP: 5/12
  5322 | D:5      | Noticed Ijyb
  5336 | D:5      | Killed Ijyb
  5430 | D:5      | Reached skill level 8 in Fighting
  5896 | D:6      | Reached * piety under Hepliaklqana
  6369 | D:6      | Reached skill level 5 in Spellcasting
  6369 | D:6      | Reached skill level 5 in Air Magic
  6468 | D:6      | Learned a level 3 spell: Swiftness
  6729 | D:6      | Reached skill level 9 in Fighting
  6729 | D:6      | Reached XP level 9. HP: 88/88 MP: 8/18
  7079 | D:6      | Found Ruameon's Armour Shop.
  7082 | D:6      | Found Urosati's Book Shoppe.
  7082 | D:6      | Found Ylol's Distillery.
  7201 | D:6      | Bought a potion of heal wounds for 70 gold pieces
  7201 | D:6      | Bought a potion of curing for 42 gold pieces
  7201 | D:6      | Bought a potion of heal wounds for 70 gold pieces
  7201 | D:6      | Bought a potion of lignification for 42 gold pieces
  7670 | D:7      | Noticed Duvessa
  7678 | D:7      | Killed Duvessa
  7682 | D:7      | Reached skill level 10 in Fighting
  7742 | D:6      | Learned a level 5 spell: Freezing Cloud
  7746 | D:7      | Noticed Dowan
  8388 | D:7      | Found a sparkling altar of Nemelex Xobeh.
  8405 | D:7      | Killed Dowan
  8676 | D:7      | Reached ** piety under Hepliaklqana
  8677 | D:7      | Remembered your ancestor Kevin Bacon as a knight
  9131 | D:7      | Found an opulent altar of Gozag.
  9229 | D:7      | Found a sacrificial altar of Ru.
  9569 | D:8      | Found a shimmering blue altar of Sif Muna.
  9704 | D:6      | Bought a +2 robe for 139 gold pieces
  9815 | D:8      | Reached XP level 10. HP: 99/99 MP: 2/21
 10330 | D:8      | Reached skill level 11 in Fighting
 10346 | D:8      | Reached skill level 12 in Fighting
 10970 | D:8      | Found a radiant altar of Vehumet.
 10971 | D:8      | Identified a scroll of acquirement
 11057 | D:9      | Noticed a boulder beetle
 11195 | D:9      | Killed a boulder beetle
 11196 | D:9      | Reached skill level 5 in Conjurations
 11196 | D:9      | Reached skill level 5 in Ice Magic
 11381 | D:9      | Reached skill level 1 in Shields
 11487 | D:9      | Noticed an arcanist
 11491 | D:9      | Killed an arcanist
 11492 | D:9      | Reached XP level 11. HP: 103/110 MP: 14/24
 11559 | D:9      | Found a snail-covered altar of Cheibriados.
 11586 | D:9      | Found a hide-covered altar of Uskayaw.
 11731 | D:9      | Reached *** piety under Hepliaklqana
 11885 | D:9      | Found an ancient bone altar of Kikubaaqudgha.
 12195 | D:10     | Entered Level 10 of the Dungeon
 12299 | D:10     | Noticed Sonja
 12330 | D:10     | Noticed a two-headed ogre
 12335 | D:10     | Killed a two-headed ogre
 12421 | D:10     | Identified the +6 falchion "Joxin" {freeze, rPois rF++
                  | Will+ MP+9}
 12752 | D:10     | Reached skill level 5 in Shields
 12936 | D:10     | Killed Sonja
 13359 | D:11     | Noticed a two-headed ogre
 13364 | D:11     | Killed a two-headed ogre
 13471 | D:11     | Noticed Erica
 13477 | D:11     | Killed Erica
 13525 | D:11     | Reached XP level 12. HP: 104/118 MP: 0/25
 13756 | D:11     | Found a staircase to the Lair.
 14393 | D:6      | Bought a potion of enlightenment for 70 gold pieces
 14393 | D:6      | Bought a potion of curing for 42 gold pieces
 14393 | D:6      | Bought 2 potions of magic for 224 gold pieces
 14591 | Lair:1   | Entered Level 1 of the Lair of Beasts
 15095 | Lair:1   | Found a frozen archway.
 15175 | IceCv    | Entered an ice cave
 16446 | IceCv    | Acquired Sif Muna's Vademecum on Cold Weather
 16454 | IceCv    | Learned a level 5 spell: Arcjolt
 17247 | IceCv    | Noticed a reaper
 17254 | IceCv    | Killed a reaper
 18094 | Lair:2   | Noticed a seven-headed hydra
 18101 | Lair:2   | Killed a seven-headed hydra
 18102 | Lair:2   | Reached skill level 10 in Spellcasting
 18194 | Lair:2   | Reached **** piety under Hepliaklqana
 18384 | Lair:2   | Reached XP level 13. HP: 126/126 MP: 16/27
 18591 | Lair:2   | Reached skill level 1 in Evocations
 18810 | Lair:2   | Noticed Maggie
 18818 | Lair:2   | Killed Maggie
 19304 | Lair:2   | Found a hole to the Spider Nest.
 20259 | Lair:2   | HP: 6/126 [merfolk/+1 trident of flaming (13)]
 20394 | Lair:2   | Found a staircase to the Shoals.
 20756 | Lair:3   | Reached skill level 13 in Fighting
 20856 | Lair:3   | Reached ***** piety under Hepliaklqana
 21252 | Lair:3   | Found a transporter.
 21254 | Lair:3   | Noticed Biggs's ghost (journeyman CoHu)
 21269 | Lair:3   | Reached XP level 14. HP: 118/137 MP: 29/29
 21289 | Lair:3   | Found a transporter.
 21656 | Lair:4   | Found a runed translucent door.
 21656 | Lair:4   | Noticed an acid blob
 21657 | Lair:4   | Found a staircase to the Slime Pits.
 21657 | Lair:4   | Noticed an acid blob
 21657 | Lair:4   | Noticed an acid blob
 21698 | Lair:4   | Reached skill level 14 in Fighting
 22061 | Lair:4   | Identified the +8 plate armour "Ykynuik" {rPois rCorr}
 22283 | Lair:4   | Reached skill level 1 in Long Blades
 22663 | D:12     | You fall into a shaft and drop 3 floors!
 22663 | D:15     | Entered Level 15 of the Dungeon
 23585 | D:13     | Found a shimmering altar of Xom.
 23590 | D:13     | Found a shimmering altar of Xom.
 23590 | D:13     | Found a shimmering altar of Xom.
 23590 | D:13     | Found a shimmering altar of Xom.
 23835 | D:12     | Got the Dissertation on the Impact and the Curse
 24438 | D:12     | Found a staircase to the Orcish Mines.
 24594 | D:12     | Reached skill level 10 in Shields
 24927 | Orc:1    | Entered Level 1 of the Orcish Mines
 24967 | Orc:1    | Reached skill level 1 in Armour
 25051 | Orc:2    | Entered Level 2 of the Orcish Mines
 25127 | Orc:2    | Found a staircase to the Elven Halls.
 25147 | Orc:2    | Noticed an orc warlord
 25159 | Orc:2    | Killed an orc warlord
 25380 | Orc:2    | Found Fuimeol's General Store.
 25420 | Orc:2    | Bought a scroll of fear for 52 gold pieces
 26034 | Orc:1    | Reached skill level 5 in Armour
 26248 | Orc:1    | Found Caul's Magic Scroll Shoppe.
 26367 | Orc:2    | Reached XP level 15. HP: 136/146 MP: 16/31
 26515 | Orc:2    | Found Wovois's Antique Weapon Shoppe.
 26689 | Orc:2    | Found Volonuh's Antique Armour Shoppe.
 26732 | Orc:2    | Found Gigic's Book Shoppe.
 27270 | Lair:5   | Entered Level 5 of the Lair of Beasts
 27775 | Lair:5   | Reached ****** piety under Hepliaklqana
 28575 | Lair:5   | Reached skill level 15 in Fighting
 28708 | Lair:5   | Found a burning altar of Makhleb.
 28712 | Lair:5   | Reached skill level 10 in Ice Magic
 28991 | Orc:2    | Bought the -2 hat of the Alchemist {rElec rPois rF+ rC+ rN+
                  | Will+ rMut rCorr} for 1557 gold pieces
 28991 | Orc:2    | Found the -2 hat of the Alchemist {rElec rPois rF+ rC+ rN+
                  | Will+ rMut rCorr}
 29473 | Lair:5   | Found a gateway to Hell.
 29801 | Lair:3   | Killed Biggs's ghost
 29848 | Lair:3   | Identified the amulet of the Freezing Messenger {Reflect
                  | +Inv Will++ rCorr Dex-4 SH+5}
 30018 | Lair:4   | Killed an acid blob
 30020 | Lair:4   | Killed an acid blob
 30021 | Lair:4   | Killed an acid blob
 30388 | D:13     | Found a shimmering altar of Xom.
 30741 | D:13     | Found a shimmering altar of Xom.
 30744 | D:13     | Found a shimmering altar of Xom.
 30999 | D:14     | Reached XP level 16. HP: 158/158 MP: 32/32
 31781 | D:14     | Found a gate to the Vaults.
 33238 | D:15     | Identified the staff of Qomoxonu {rPois Tloc Earth}
 33415 | D:15     | Found a staircase to the Depths.
 34011 | D:15     | Identified the +4 glaive "Pigy" {freeze, rF- Str+4 Int+8}
 34020 | D:15     | Learned a level 5 spell: Metabolic Englaciation
 34219 | D:15     | Reached skill level 10 in Conjurations
 34219 | D:15     | Reached skill level 1 in Invocations
 34279 | D:15     | Found the +10 dark maul {heavy}
 34282 | D:15     | Reached skill level 10 in Air Magic
 34295 | D:15     | Identified the +3 spear of the Scroll {protect, rF+ Int+5}
 34710 | D:15     | Got the Discourse on Quintessence
 34981 | Orc:2    | Bought a smouldering dagger for 189 gold pieces
 34981 | Orc:2    | Identified the +2 dagger of Eshraffuss {flame, rPois rF-
                  | rC+ Dex+2} (You bought it in a shop on level 2 of the
                  | Orcish Mines)
 35053 | Orc:1    | Bought a scroll of blinking for 127 gold pieces
 35053 | Orc:1    | Bought a scroll of blinking for 127 gold pieces
 35113 | Orc:2    | Bought an embroidered cloak for 247 gold pieces
 35299 | Spider:1 | Entered Level 1 of the Spider Nest
 35303 | Spider:1 | Noticed Donald
 35426 | Shoals:1 | Entered Level 1 of the Shoals
 35722 | Shoals:1 | Found Kiumn's Distillery.
 36159 | Shoals:1 | Found a runed translucent gate.
 36160 | Shoals:1 | Found a runed translucent gate.
 36160 | Shoals:1 | Found an opulent altar of Gozag.
 36162 | Shoals:1 | Found a runed translucent gate.
 36832 | Shoals:1 | Noticed Hicvu's ghost (adept DsGl)
 37089 | Shoals:2 | Reached skill level 5 in Invocations
 37208 | Shoals:2 | Reached skill level 5 in Hexes
 37208 | Shoals:2 | Reached skill level 5 in Evocations
 37208 | Shoals:2 | Reached XP level 17. HP: 165/165 MP: 30/34
 37485 | Shoals:2 | Identified the +0 leather armour of the Old World {Str+3
                  | Slay+2}
 38146 | Shoals:2 | Reached skill level 16 in Fighting
 38217 | Shoals:2 | Found an opulent altar of Gozag.
 38230 | Shoals:2 | Noticed a kraken
 38238 | Shoals:2 | Killed a kraken
 39440 | Shoals:3 | Learned a level 7 spell: Ozocubu's Refrigeration
 40134 | Shoals:3 | Identified the serpent talisman "Riul" {+Blink Int-2 Dex+6}
 40134 | Shoals:3 | Noticed Aizul
 40148 | Shoals:3 | Killed Aizul
 40626 | Shoals:3 | Found Vizen's Antique Weapon Boutique.
 40812 | Shoals:4 | Entered Level 4 of the Shoals
 40812 | Shoals:4 | Noticed Mara
 40814 | Shoals:4 | Noticed mdonais's illusion
 40964 | Shoals:3 | Noticed mdonais's illusion
 41013 | Shoals:3 | Noticed mdonais's illusion
 41016 | Shoals:3 | Killed Mara
 41017 | Shoals:3 | Reached XP level 18. HP: 85/176 MP: 3/35
 41380 | Shoals:4 | Identified the +2 spear "Concordance" {venom, Int+2}
 41704 | Shoals:4 | Got a barnacled rune of Zot
 42041 | Shoals:4 | Acquired 738 gold pieces
 42269 | Shoals:4 | Identified the ring "Nostatust" {rF+++ MP+9 Int-2 Slay+6
                  | Stlth+}
 42289 | Shoals:4 | Noticed Bai Suzhen
 43158 | Shoals:3 | Bought a crude rapier for 189 gold pieces
 43158 | Shoals:3 | Identified the +8 rapier "Grim" {flame, ^Drain Str+6 Int+3}
                  | (You bought it in a shop on level 3 of the Shoals)
 43543 | Lair:2   | Killed Donald
 44164 | Spider:1 | Found a large runed translucent door.
 44193 | Spider:1 | Found a large runed translucent door.
 44207 | Spider:1 | Noticed laburnum's ghost (adept HuWn)
 44417 | Spider:1 | Noticed Agnes
 44423 | Spider:1 | Killed Agnes
 44665 | Spider:1 | Noticed Jorgrun
 44671 | Spider:1 | Killed Jorgrun
 44946 | Spider:1 | Killed laburnum's ghost
 44990 | Spider:1 | Identified the staff "Qobaarr" {rElec rF+ rC+ Conj Necro
                  | Air}
 46217 | Spider:3 | Reached XP level 19. HP: 183/183 MP: 24/37
 46759 | Spider:3 | Reached skill level 10 in Armour
 46834 | Spider:3 | Reached skill level 15 in Spellcasting
 47606 | Spider:4 | Entered Level 4 of the Spider Nest
 47606 | Spider:4 | Found a transporter.
 47692 | Spider:4 | Found a transporter.
 47692 | Spider:4 | Noticed xfalz's ghost (adept DsMo)
 48222 | Spider:4 | Identified the +1 hand axe "Soosir" {speed, Int+2}
 49875 | Spider:4 | Reached skill level 17 in Fighting
 50216 | Spider:4 | Got a gossamer rune of Zot
 50549 | Vaults:1 | Entered Level 1 of the Vaults
 51136 | Vaults:1 | Reached XP level 20. HP: 182/198 MP: 10/39
 51722 | Vaults:1 | Reached skill level 18 in Fighting
 52703 | Vaults:2 | Reached skill level 15 in Shields
 53361 | Vaults:2 | Found Olaomovo's Weapon Emporium.
 54644 | Vaults:2 | Noticed Norris
 54663 | Vaults:2 | Killed Norris
 54971 | Vaults:3 | Found a crumbling gateway.
 55002 | Desolati | Entered the Desolation of Salt
 55354 | Desolati | Reached XP level 21. HP: 204/207 MP: 16/42
 55510 | Desolati | Got Doig's Secrets of Embers
 55733 | Desolati | Identified the ring "Cugiemoch" {rF++ rN+ Will+}
 55829 | Desolati | Identified the +0 arbalest of Okawaru's Reproof {antimagic,
                  | rElec rF- rCorr Str+4}
 56093 | Desolati | Got the Almanac of Productive Spectres
 56177 | Desolati | Got the Treatise on Frosty Confrontation
 56692 | Desolati | Identified the ring of the Lion {MP+9 Str+4 Int-2 Dex+2
                  | SInv}
 56755 | Desolati | Got the Encyclopedia of the Old World
 56826 | Desolati | Got Sif Muna's Collected Works on Curses
 57444 | Vaults:3 | Found a staircase to the Crypt.
 58530 | Vaults:3 | Found Ryfoef's Antique Weapon Shoppe.
 58550 | Vaults:3 | Identified the +5 glaive of Capaingu {elec, rN+}
 58588 | Vaults:3 | Found the +3 Mad Mage's Maulers {Infuse+∞ VampMP -Cast}
 60182 | Vaults:4 | Reached XP level 22. HP: 206/215 MP: 25/44
 60828 | Vaults:4 | Reached skill level 19 in Fighting
 61111 | Crypt:1  | Entered Level 1 of the Crypt
 61655 | Crypt:1  | Reached skill level 20 in Fighting
 64055 | Crypt:2  | Acquired the scarf of Kutiga Gougo {rC+ rF+, Int+6}
 64909 | Crypt:3  | Entered Level 3 of the Crypt
 66141 | Crypt:3  | Reached skill level 15 in Air Magic
 66230 | Crypt:3  | Found a staircase to the Tomb.
 66335 | Crypt:3  | Noticed a royal mummy
 66339 | Crypt:3  | Noticed Khufu
 66341 | Crypt:3  | Noticed a royal mummy
 66343 | Crypt:3  | HP: 10/210 [emperor scorpion[Khufu] (24)]
 66343 | Crypt:3  | Slain by an emperor scorpion

Illustrated notes

Levels and vault maps discovered:
D:1:      psy_arrival_fountain, layout_loops_cross, serial_co_window_serial,
          co_window_cross_1, co_window_of_opportunity_a, co_window_paths_b,
          co_window_paths_a, co_window_paths_b, co_window_unsneaky_path_e,
          co_window_2corner, co_window_broadway_c, co_window_of_opportunity_c,
          co_window_corner_b, co_window_4corner_a, co_window_4corner_b,
          glass_columns_a, glass_columns_b, glass_columns_b, glass_columns_a,
          st_stairs_6, chequers_avenue
D:2:      layout_loops_ring, hellmonk_ecumenical_altar_heavens_door,
          nicolae_grassy_gnolls, uniq_terence, uniq_jessica
D:3:      minmay_razor_zed, layout_basic,
          grunt_temple_overflow_order_and_chaos_1, st_stairs_14, minmay_cupped
D:4:      layout_rooms, mainiacjoe_overflow_surrounded_room,
          minmay_temple_entry_antechambers, kennysheep_generic_room_2
D:5:      layout_rooms, chequers_temple_overflow_statue_of_worship, uniq_ijyb,
          uniq_sigmund
D:6:      layout_basic, minmay_misc_feat_doors, hangedman_decor_peaks_small,
          nicolae_wooded_promenade, minmay_holes, chequers_mini_garden
D:7:      layout_basic, nicolae_ru_great_annihilating_truth,
          amcnicky_altar_gilded, grunt_gozag_statues, moated_statue,
          uniq_duvessa
D:8:      layout_basic, mainiacjoe_overflow_catch_the_wave, serial_demonic,
          serial_demonic_e, serial_demonic_c, serial_demonic_c, serial_demonic_g
D:9:      layout_loops_ring, kiku_gazebo_pond_becter,
          mainiacjoe_overflow_concentric_impassable,
          mainiacjoe_overflow_boulevard, kb_rosetta
D:10:     layout_rooms, nicolae_fort_ynox, uniq_sonja
D:11:     layout_loops_ring, grunt_lair_entry_orc_guard_hut, uniq_erica
D:12:     layout_loops_cross, orc_david_3
D:13:     layout_rooms, xom_shifter_show
D:14:     layout_loops_corners, david_vaults_2
D:15:     vault_1, layout_loops_ring, ebering_dispersal_statue_hall,
          hellmonk_talismancer
Temple:   chequers_temple_sunken
Lair:1:   layout_long_grid, portal_ice_cave_entry_pillars_2,
          serial_bayou_shore_a, infiniplex_staircase_pool_2,
          lemuel_fruit_fields, lemuel_fruit_tree
Lair:2:   regret_index_malice_mire, layout_regular_city,
          mainiacjoe_shoals_entry_four_pools, spider_nest_entry_a,
          lemuel_fruit_fields, uniq_maggie
Lair:3:   layout_long_grid, gammafunk_ghost_berserking_beasts
Lair:4:   layout_big_grid, slime_entry_2, grunt_megastairs_2
Lair:5:   evil_forest, layout_loops_ring, serial_bayou_pond_b,
          grunt_megastairs_5, serial_bayou_shore_b
Shoals:1: layout_shoals, serial_shops, nicolae_shop_industrial_runoff,
          ebering_ghost_gozag, nicolae_shoals_lost_giant_amphitheater
Shoals:2: cheibrodos_shoals_three_sisters, layout_shoals,
          wheals_shoals_ruined_temple
Shoals:3: layout_shoals, serial_shops, shop, nicolae_shoals_shepherds,
          uniq_aizul
Shoals:4: shoals_end_simple, layout_shoals, uniq_mara, uniq_bai_suzhen
Spider:1: layout_spider_delve, ebering_ghost_disaster_area, uniq_donald,
          uniq_agnes, uniq_jorgrun
Spider:2: layout_spider_delve
Spider:3: nicolae_spider_hilbert_zone_7 [nicolae_spider_hilbert_4_sides_1_open,
          nicolae_spider_hilbert_4_sides_1_open,
          nicolae_spider_hilbert_4_sides_1_open,
          nicolae_spider_hilbert_4_sides_1_open,
          nicolae_spider_hilbert_3_sides_1_open,
          nicolae_spider_hilbert_3_sides_1_open,
          nicolae_spider_hilbert_3_sides_1_open,
          nicolae_spider_hilbert_3_sides_1_open,
          nicolae_spider_hilbert_4_sides_1_open,
          nicolae_spider_hilbert_4_sides_1_open,
          nicolae_spider_hilbert_4_sides_1_open,
          nicolae_spider_hilbert_2_sides_1_open,
          nicolae_spider_hilbert_2_sides_1_open,
          nicolae_spider_hilbert_2_sides_1_open,
          nicolae_spider_hilbert_2_sides_1_open,
          nicolae_spider_hilbert_2_sides_1_open,
          nicolae_spider_hilbert_2_sides_1_open]
Spider:4: grunt_spider_rune_circles, nzn_ghost_randoct,
          nicolae_spider_rock_and_or_roll
Orc:1:    layout_caves, serial_shops, nicolae_shop_rolled_up
Orc:2:    grunt_orc_gardens, layout_diamond_mine, grunt_orc_garden,
          grunt_orc_garden, grunt_orc_garden, grunt_orc_garden, nooodl_orcs_dogs
Vaults:1: nicolae_vaults_crenellated_ambush, hangedman_vaults_variations,
          v_misc_33, nicolae_vaults_meiosis, nicolae_vaults_tetromino_Z_2,
          nicolae_vaults_trapezoid_1, nicolae_vaults_double_plus_3,
          vaults_mumra_minichess_inversion, nicolae_vaults_circle_grid_b,
          nicolae_vaults_tetromino_L_1, v_alt_pattern_5,
          nicolae_vaults_tetromino_Z_2, nicolae_vaults_yaktaur_gun_rack,
          nicolae_vaults_trapezoid_lopsided_4, nicolae_vaults_diamond_1,
          layout_vaults_omnicross
Vaults:2: nicolae_vaults_trapezoid_lopsided_2, nicolae_vaults_double_plus_3,
          lightli_orcish_oven, hangedman_vaults_maws, grunt_vaults_twisty,
          nicolae_vaults_double_plus_1, nicolae_vaults_sesquioval_fish,
          nicolae_vaults_border_crossing,
          nicolae_vaults_taking_the_gang_shopping, layout_vaults_big_room,
          uniq_norris
Vaults:3: portal_desolation_entry_salt, minmay_crypt_entry_simple_statues,
          v_misc_23, nicolae_vaults_apartment_2, hangedman_surveillance_ring,
          nicolae_vaults_ninety_degrees, nicolae_vaults_wrenched,
          nicolae_vaults_closet_pinwheel_6, hangedman_vaults_stagger,
          nicolae_vaults_storage_closets_2, vaults_standard_mumra_x,
          nicolae_vaults_double_plus_2, vaults_room_pools,
          nicolae_vaults_tetromino_Z_1, layout_vaults_omnibox, serial_shops,
          shop
Vaults:4: nicolae_vaults_tangram_2, vaults_standard_mumra_enter_the_diamond,
          v_misc_13, nicolae_vaults_storage_closets_1, v_misc_32,
          nicolae_vaults_stepped_doors, nicolae_vaults_apartment_1,
          vaults_room_grid, layout_vaults_quadrants
Crypt:1:  layout_regular_city, grunt_megastairs_1, grunt_crypt_arrival_split
Crypt:2:  layout_basic, st_vampire_maze
Crypt:3:  david_glass_crypt, layout_rooms, nicolae_tomb_entry_rubble_hallway,
          hellmonk_scarab_ruin, uniq_khufu, uniq_mennas

Skill      XL: |  1  2  3  4  5  6  7  8  9 10 11 12 13 14 15 16 17 18 19 20 21 22 |
---------------+-------------------------------------------------------------------+-----
Fighting       | 2 3 5 6 7 9 10 12 13 14 15 16 17 18 20 | 20.0
Ice Magic      | 1 4 5 6 7 8 9 10 11 13 14 | 14.0
Conjurations   | 1 2 4 5 6 8 9 10 11 13 14 | 14.7
Air Magic      | 1 2 4 5 7 8 9 10 11 13 15 | 15.0
Short Blades   | 1 2 |  2.0
Spellcasting   | 3 6 7 9 10 11 12 13 14 15 17 18 | 18.0
Translocations | 1 |  1.0
Shields        | 3 7 8 9 10 11 13 14 15 | 15.0
Evocations     | 2 3 5 |  5.0
Long Blades    | 2 |  2.6
Armour         | 5 8 9 11 | 11.0
Dodging        | 3 |  3.0
Invocations    | 5 |  5.0
Hexes          | 5 |  5.0
Stealth        | |  2.1

Action                     |  1- 3 |  4- 6 |  7- 9 | 10-12 | 13-15 | 16-18 | 19-21 | 22-24 || total
---------------------------+-------+-------+-------+-------+-------+-------+-------+-------++-------
  Melee: Dagger            |    26 |    33 |    52 |    23 |       |       |       |       ||   134
         Headbutt          |     2 |     9 |    10 |    26 |    45 |    56 |    23 |     5 ||   176
         Short sword       |    34 |    29 |       |       |       |       |       |       ||    63
         Falchion          |       |       |       |    50 |   142 |    20 |       |       ||   212
         Spear             |       |       |       |       |       |   146 |    88 |    20 ||   254
  Throw: Dart              |       |       |       |       |       |     2 |     3 |       ||     5
   Cast: Shock             |    13 |   110 |    68 |    21 |       |       |       |       ||   212
         Ensorcelled Hiber |     6 |     4 |       |       |       |       |       |       ||    10
         Airstrike         |       |       |    86 |   151 |   110 |   115 |     5 |    21 ||   488
         Freezing Cloud    |       |       |     2 |    54 |   172 |   185 |    23 |       ||   436
         Arcjolt           |       |       |       |    13 |    39 |    82 |   152 |   239 ||   525
         Blink             |       |       |       |     1 |       |     4 |       |       ||     5
         Metabolic Englaci |       |       |       |       |       |     7 |     1 |       ||     8
         Tukima's Dance    |       |       |       |       |       |     1 |       |       ||     1
         Ozocubu's Refrige |       |       |       |       |       |   105 |   466 |     9 ||   580
 Invoke: Ancestor Identity |       |       |     1 |       |       |       |       |       ||     1
         Recall Ancestor   |       |       |     2 |     3 |     6 |     9 |     9 |     3 ||    32
         Ancestor Life: Kn |       |       |     1 |       |       |       |       |       ||     1
  Evoke: Wand              |       |       |       |    25 |     1 |    17 |     5 |       ||    48
         Sack of spiders   |       |       |       |       |       |     1 |     1 |       ||     2
         Phial of floods   |       |       |       |       |       |     1 |       |       ||     1
    Use: Scroll            |       |       |     8 |    10 |    10 |    12 |     2 |     4 ||    46
         Potion            |       |       |     2 |       |     2 |     1 |       |     2 ||     7
   Stab: Sleeping          |     9 |     3 |     1 |       |       |       |       |       ||    13
         Distracted        |       |       |       |     1 |     1 |     1 |     4 |     1 ||     8
 Armour: Robe              |    40 |    50 |    64 |     8 |       |       |       |       ||   162
         Steam dragon scal |       |       |       |   131 |   134 |       |       |       ||   265
         Ice dragon scales |       |       |       |       |   106 |   381 |   290 |   134 ||   911
         Troll leather arm |       |       |       |       |     1 |       |       |       ||     1
  Dodge: Dodged            |    25 |    27 |    26 |    48 |    29 |    60 |    52 |    35 ||   302
  Block: Kite shield       |       |       |       |    35 |   104 |   174 |   129 |    64 ||   506
         Reflection        |       |       |       |       |     7 |     5 |       |       ||    12

Table legend: (Time is in decaauts)
 A = Elapsed time spent in this place.
 B = Non-inter-level travel time spent in this place.
 C = Inter-level travel time spent in this place.
 D = Time resting spent in this place.
 E = Time spent auto-exploring this place.
 F = Levels seen in this place.
 G = Mean time per level.
                   A        B        C        D        E       F      G
               +--------+--------+--------+--------+--------+-----+--------+
         Total |  66554 |  62520 |   4034 |  13040 |  35703 |  40 | 1663.8 |
       Dungeon |  21981 |  20417 |   1564 |   2619 |  14063 |  15 | 1465.4 |
        Temple |     12 |      1 |     11 |      0 |      0 |   1 |   12.0 |
          Lair |   9737 |   8550 |   1187 |   1660 |   5104 |   5 | 1947.4 |
        Shoals |   7639 |   7259 |    380 |   2795 |   2127 |   4 | 1909.8 |
   Spider Nest |   6549 |   6382 |    167 |   1671 |   3030 |   4 | 1637.2 |
  Orcish Mines |   2517 |   2144 |    373 |    369 |   1255 |   2 | 1258.5 |
        Vaults |   8401 |   8104 |    297 |   1210 |   5470 |   4 | 2100.2 |
         Crypt |   5240 |   5188 |     52 |    861 |   3634 |   3 | 1746.7 |
      Ice Cave |   2322 |   2322 |      0 |   1423 |    232 |   1 | 2322.0 |
    Desolation |   2150 |   2150 |      0 |    432 |    788 |   1 | 2150.0 |
               +--------+--------+--------+--------+--------+-----+--------+

Top non-repeatable levels by time:
  Lair:2: 3688 daAuts
 Crypt:2: 3407 daAuts
    D:15: 2922 daAuts
Shoals:3: 2697 daAuts
Spider:4: 2510 daAuts
   IceCv: 2322 daAuts
Vaults:1: 2217 daAuts
Desolation: 2150 daAuts
Vaults:2: 2133 daAuts
  Lair:5: 2092 daAuts
Vaults:4: 2049 daAuts
Vaults:3: 2001 daAuts
    D:14: 1983 daAuts
     D:6: 1892 daAuts
     D:7: 1845 daAuts
